 Dungeon Crawl Stone Soup version 0.28-a0-1234-g826d19b2e0 (webtiles) character file.

Game seed: 9332532709876248344

7186 SensoryNuts the Basher (level 10, -13/100 HPs)
             Began as a Troll Fighter on Dec 23, 2021.
             Was a Priest of the Shining One.
             Constricted to death by Jorgrun (15 damage)
             ... on level 1 of the Orcish Mines.
             The game lasted 00:13:29 (8661 turns).

SensoryNuts the Basher (Troll Fighter)              Turns: 8661, Time: 00:13:29

Health: -13/100    AC:  7    Str: 30    XL:     10   Next: 87%
Magic:  0/9        EV: 12    Int:  4    God:    the Shining One [***...]
Gold:   558        SH:  0    Dex: 11    Spells: 9/9 levels left

rFire   . . .      SeeInvis .   r - +3 giant spiked club (vorpal)
rCold   . . .      Faith    .   (shield currently unavailable)
rNeg    + . .      Spirit   +   G - +0 steam dragon scales
rPois   +          Reflect  .   (helmet restricted)
rElec   +          Harm     .   (no cloak)
rCorr   .          Rampage  .   (gloves unavailable)
Will    .....                   (boots unavailable)
Stlth   +.........              x - amulet of guardian spirit
HPRegen 1.06/turn               l - +4 ring of evasion
MPRegen 0.11/turn               k - ring of poison resistance

@: grasped by roots, glowing, constricted
A: large, unfitting armour, claws 3, regeneration 1, shaggy fur 1, tough skin 1,
horns 1, thin skeletal structure 1, electricity resistance
a: Renounce Religion, Divine Shield, Cleansing Flame


You were on level 1 of the Orcish Mines.
You worshipped the Shining One.
The Shining One was most pleased with you.
You visited 3 branches of the dungeon, and saw 12 of its levels.
You also visited: Ossuary.

You collected 788 gold pieces.
You spent 230 gold pieces at shops.

Inventory:

Hand Weapons
 a - a +0 flail of draining
 r - a +3 vorpal giant spiked club (weapon)
Missiles
 n - 2 throwing nets (quivered)
Armour
 b - a +1 robe
 c - a +0 kite shield
 m - a +0 tower shield
 G - +0 steam dragon scales (worn)
Jewellery
 k - a ring of poison resistance (right claw)
 l - a +4 ring of evasion (left claw)
 p - a ring of protection from fire
 v - a ring of resist corrosion
 x - an amulet of guardian spirit (around neck)
Wands
 o - a wand of flame (21)
 t - a wand of acid (9)
 C - a wand of iceblast (21)
 D - a wand of polymorph (5)
 F - a wand of paralysis (8)
Scrolls
 d - 2 scrolls of noise
 f - a scroll of silence
 g - 2 scrolls of immolation
 h - 5 scrolls of teleportation
 q - 4 scrolls of vulnerability
 s - 2 scrolls of fear
 u - a scroll of enchant armour
 y - a scroll of identify
 E - 2 scrolls of magic mapping
Potions
 e - 7 potions of curing
 j - 2 potions of magic
 w - 2 potions of ambrosia
 z - 2 potions of flight
 A - a potion of lignification
 B - a potion of might


   Skills:
 + Level 6.4 Fighting
 + Level 2.1(2.6) Short Blades
 + Level 2.1(2.6) Long Blades
 + Level 2.1(6.8) Axes
 + Level 10.7(10.8) Maces & Flails
 + Level 2.2(2.7) Polearms
 + Level 2.1 Armour
 + Level 6.1 Dodging
 + Level 1.3 Stealth
 + Level 4.2 Shields


You had 9 spell levels left.
You didn't know any spells.
Your spell library contained the following spells:

 Spells                   Type           Power      Damage    Failure   Level
 Slow                     Hex            0%         N/A       50%         1
 Sting                    Tmut/Pois      0%         1d3       50%         1
 Summon Small Mammal      Summ           0%         N/A       50%         1
 Poisonous Vapours        Pois/Air       0%         N/A       65%         2
 Call Canine Familiar     Summ           0%         N/A       86%         3
 Confusing Touch          Hex            0%         N/A       86%         3
 Conjure Flame            Conj/Fire      0%         6-21      86%         3
 Dazzling Flash           Conj/Hex       0%         N/A       86%         3
 Ignite Poison            Fire/Tmut/Pois 0%         N/A       86%         3
 Summon Guardian Golem    Hex/Summ       0%         N/A       86%         3
 Vampiric Draining        Necr           0%         2d6       86%         3
 Animate Dead             Necr           0%         N/A       99%         4
 Iskenderun's Mystic Bla  Conj/Tloc      0%         2d3       99%         4
 Olgreb's Toxic Radiance  Pois           0%         N/A       99%         4
 Sticky Flame             Conj/Fire      0%         2d3       99%         4
 Starburst                Conj/Fire      0%         6d3       100%        6
 Haunt                    Necr/Summ      0%         N/A       100%        7
 Infestation              Necr           0%         N/A       100%        8


Dungeon Overview and Level Annotations

Branches:
Dungeon (10/15)            Temple (1/1) D:5            Lair (0/6) D:10
    Orc (1/2) D:10        Ossuary (visited)

Altars:
Ashenzari
Cheibriados
Dithmenos
Elyvilon
Fedhas
Gozag
Hepliaklqana
Kikubaaqudgha
Makhleb
Nemelex Xobeh
Okawaru
Qazlal
Ru
Sif Muna
Trog
Uskayaw
Vehumet
Wu Jian
Xom
Yredelemnul
Zin
The Shining One

Shops:
D:4 *   D:8 (

Annotations:
Orc:1 Jorgrun


Innate Abilities, Weirdness & Mutations

You are too large for most types of armour.
You have claws for hands.
Your natural rate of healing is unusually fast.
You are covered in fur. (AC +1)
You have tough skin. (AC +1)
You have a pair of small horns on your head.
You have a somewhat thin skeletal structure. (Dex +2, Stealth+)
You are resistant to electric shocks. (rElec)


Message History

Found 19 gold pieces.
Jorgrun points at you and mumbles some strange words.
The iron shot hits you!!
Jorgrun hits you with a +0 vorpal quarterstaff!!
You are too injured to fight recklessly!
You are too injured to fight recklessly!
You are too injured to fight recklessly!
You are too injured to fight recklessly!
You feel much better.
Jorgrun hits you with a +0 vorpal quarterstaff!
You bludgeon Jorgrun!! Your headbutt misses Jorgrun.
Jorgrun is moderately wounded.
Jorgrun hits you with a +0 vorpal quarterstaff!
You closely miss Jorgrun. Your headbutt misses Jorgrun.
Jorgrun is moderately wounded.
Jorgrun casts a spell at you.
Roots burst forth from the earth!
The grasping roots grab you! The grasping roots constrict you!
You feel much better.
Jorgrun hits you with a +0 vorpal quarterstaff!
The grasping roots constrict you!
* * * LOW HITPOINT WARNING * * *
Unknown command.
You feel much better. Jorgrun closely misses you.
The grasping roots constrict you.
You impale Jorgrun!!
Jorgrun is heavily wounded.
Jorgrun barely misses you. The grasping roots constrict you!
* * * LOW HITPOINT WARNING * * *
Jorgrun hits you with a +0 vorpal quarterstaff.
* * * LOW HITPOINT WARNING * * *
x2 The grasping roots constrict you!
* * * LOW HITPOINT WARNING * * *
Okay, then.
Okay, then.
As you read the scroll of fear, it crumbles to dust.
You assume a fearsome visage.
Jorgrun looks frightened!
The grasping roots constrict you!
You die...

....#........##
...............#...#
..........#.........##
....................$#
.....................#
..##.......>........##
...#..........#...g..#
..#..........#.##.#.##
.#..............@..#$##
#.....................#
#....................##
.................#.###
#.#...#............#
#.###...............#
...#.............$..#
..#...................
.................##.#.#


You could see Jorgrun (fleeing).

Vanquished Creatures
  Erica (Orc:1)
  A troll (D:10)
  Grinder (D:3)
  3 wraiths
  3 wyverns
  10 yaks
  3 steam dragons
  Menkaure (D:6)
  2 water moccasins
  A necrophage (D:5)
  An orc warrior (D:5)
  2 ogres
  6 centaurs
  A kobold brigand (D:9)
  4 bullfrogs
  A gnoll sergeant (D:6)
  3 scorpions
  6 killer bees
  10 wights
  2 howler monkeys (D:8)
  2 centaur zombies (Ossuary)
  A bullfrog zombie (D:6)
  A gnoll shaman (D:8)
  3 hounds
  2 jellies
  2 orc priests
  4 centaur skeletons
  4 iguanas
  4 orc wizards
  Natasha (thrice) (D:4)
  A scorpion zombie (D:5)
  A mummy (D:8)
  7 gnolls
  A howler monkey skeleton (D:6)
  8 adders
  A white imp (D:6)
  An adder zombie (Ossuary)
  A worm (D:4)
  3 dart slugs
  32 orcs
  10 ball pythons
  5 bats
  8 endoplasms
  3 giant cockroaches
  5 hobgoblins
  2 jackals (D:3)
  11 kobolds
  A quokka (D:4)
  3 ball python skeletons (Ossuary)
  6 frilled lizards
  5 goblins
  A hobgoblin zombie (Ossuary)
  An orc skeleton (Ossuary)
  4 orc zombies
  3 rats
212 creatures vanquished.

Vanquished Creatures (others)
  A howler monkey (D:8)
  An orc (Orc:1)
  2 kobolds (D:9)
4 creatures vanquished.

Grand Total: 216 creatures vanquished

Notes
Turn   | Place    | Note
-------+----------+-------------------------------------------
     0 | D:1      | SensoryNuts the Troll Fighter began the quest for the Orb.
     0 | D:1      | Reached XP level 1. HP: 22/22 MP: 0/0
   299 | D:1      | Found a faded altar of an unknown god.
   372 | D:1      | Reached XP level 2. HP: 29/29 MP: 1/1
   478 | D:1      | Reached skill level 2 in Maces & Flails
   902 | D:1      | Reached skill level 3 in Maces & Flails
   902 | D:1      | Reached XP level 3. HP: 37/37 MP: 2/2
   987 | D:2      | Reached XP level 4. HP: 43/46 MP: 3/3
  1687 | D:3      | Reached XP level 5. HP: 27/54 MP: 4/4
  1929 | D:3      | Noticed Grinder
  1948 | D:3      | Paralysed by Grinder for 7 turns
  1973 | D:3      | Killed Grinder
  1974 | D:3      | Reached skill level 4 in Maces & Flails
  1974 | D:3      | Reached XP level 6. HP: 26/62 MP: 5/5
  2473 | D:4      | Found Ysiesu's Assorted Antiques.
  2495 | D:4      | Bought a shiny golden ring for 115 gold pieces
  2520 | D:4      | Noticed a wyvern
  2521 | D:4      | Noticed Natasha
  2524 | D:4      | Killed a wyvern
  2525 | D:4      | Reached XP level 7. HP: 63/70 MP: 6/6
  2530 | D:4      | Killed Natasha
  2626 | D:4      | Noticed Natasha
  2633 | D:4      | Killed Natasha
  2684 | D:4      | Found a broken altar of Ashenzari.
  2763 | D:4      | Reached skill level 5 in Maces & Flails
  3154 | D:4      | Noticed Natasha
  3158 | D:4      | Killed Natasha
  3214 | D:5      | Entered Level 5 of the Dungeon
  3459 | D:5      | You fall into a shaft and drop 1 floor!
  3464 | D:5      | Found a staircase to the Ecumenical Temple.
  3528 | Temple   | Entered the Ecumenical Temple
  3668 | Temple   | Became a worshipper of the Shining One
  4017 | D:5      | Reached XP level 8. HP: 78/78 MP: 7/7
  4589 | D:4      | Bought a wooden ring for 115 gold pieces
  4592 | D:4      | Gained mutation: You have a pair of small horns on your
                  | head. [potion of mutation]
  4592 | D:4      | Gained mutation: You are resistant to electric shocks.
                  | (rElec) [potion of mutation]
  4592 | D:4      | Gained mutation: You have a somewhat thin skeletal
                  | structure. (Dex +2, Stealth+) [potion of mutation]
  4758 | D:6      | Reached skill level 6 in Maces & Flails
  4868 | D:6      | Reached skill level 5 in Dodging
  4968 | D:6      | Reached * piety under the Shining One
  5016 | D:6      | Noticed Menkaure
  5022 | D:6      | Killed Menkaure
  5023 | D:6      | Reached skill level 7 in Maces & Flails
  5023 | D:6      | Reached XP level 9. HP: 23/87 MP: 8/8
  5407 | D:7      | Reached skill level 5 in Fighting
  5765 | D:7      | Reached skill level 8 in Maces & Flails
  5912 | D:8      | Found a sand-covered staircase.
  5916 | D:8      | Reached skill level 1 in Stealth
  5919 | Ossuary  | Entered an ossuary
  5968 | Ossuary  | Reached ** piety under the Shining One
  6406 | D:8      | Identified the +7 ring mail of the Many Coins {rElec rPois
                  | rF- Int-4}
  6478 | D:8      | Found Jedaibb's Weapon Shoppe.
  6595 | D:8      | Reached skill level 9 in Maces & Flails
  6610 | D:8      | Reached *** piety under the Shining One
  6825 | D:8      | Reached XP level 10. HP: 87/95 MP: 7/9
  7805 | D:10     | Entered Level 10 of the Dungeon
  7929 | D:9      | Reached skill level 10 in Maces & Flails
  7994 | D:10     | Found a staircase to the Orcish Mines.
  8274 | D:10     | Found a staircase to the Lair.
  8494 | Orc:1    | Entered Level 1 of the Orcish Mines
  8499 | Orc:1    | Noticed Erica
  8514 | Orc:1    | Killed Erica
  8651 | Orc:1    | Noticed Jorgrun
  8660 | Orc:1    | HP: 1/100 [constriction (15)]
  8661 | Orc:1    | Constricted to death by Jorgrun

Illustrated notes

Levels and vault maps discovered:
D:1:      lemuel_arrival_tunnels, layout_loops_corners,
          ebering_ecumenical_altar_rust, minmay_misc_feat_columns,
          minmay_misc_feat_rugged
D:2:      layout_basic, kennysheep_generic_room_13
D:3:      wander_river, layout_loops_ring, corexii_leaking_fountain,
          uniq_grinder
D:4:      layout_basic, ashenzari_altar_1, serial_shops, shop, uniq_natasha
D:5:      layout_cave_pods, minmay_temple_entry_gardened_gates, minmay_between
D:6:      hellmonk_ruined_rings, layout_cave_pools, minmay_chambers_of_fives,
          uniq_menkaure
D:7:      layout_basic
D:8:      layout_basic, nicolae_ossuary_entry_giza, serial_shops, shop,
          chequers_serial_rivers_room_a, minmay_diced_spiral
D:9:      layout_long_grid, nicolae_concentric_dashed_squares_wild,
          feat_on_display
D:10:     nicolae_cairo_tiling, layout_cave_pools
Temple:   mainiacjoe_temple_trianglar_array
Orc:1:    layout_caves, nicolae_shop_firing_range, uniq_jorgrun, uniq_erica

Skill      XL: |  1  2  3  4  5  6  7  8  9 10 |
---------------+-------------------------------+-----
Maces & Flails | 3 4 5 7 9 10 | 10.7
Fighting       | 3 4 5 6 |  6.4
Short Blades   | 2 |  2.1
Long Blades    | 2 |  2.1
Axes           | 2 |  2.1
Polearms       | 2 |  2.2
Armour         | 2 |  2.1
Dodging        | 3 4 5 6 |  6.1
Shields        | 3 4 |  4.2
Stealth        | 1 |  1.3

Action                   |  1- 3 |  4- 6 |  7- 9 | 10-12 || total
-------------------------+-------+-------+-------+-------++-------
Melee: Flail             |    91 |   150 |    23 |       ||   264
       Giant spiked club |       |       |   205 |    88 ||   293
       Headbutt          |       |       |    27 |    13 ||    40
  Use: Scroll            |     3 |     3 |     9 |     6 ||    21
       Potion            |     2 |     4 |     4 |     3 ||    13
 Stab: Sleeping          |     2 |       |       |       ||     2
Armor: Robe              |    45 |    43 |    56 |    22 ||   166
       Steam dragon scal |       |       |       |     1 ||     1
Dodge: Dodged            |    50 |    81 |   191 |   112 ||   434
Block: Kite shield       |    36 |    50 |       |       ||    86
       Tower shield      |       |    12 |    15 |       ||    27

Table legend: (Time is in decaauts)
 A = Elapsed time spent in this place.
 B = Non-inter-level travel time spent in this place.
 C = Inter-level travel time spent in this place.
 D = Time resting spent in this place.
 E = Time spent auto-exploring this place.
 F = Levels seen in this place.
 G = Mean time per level.
                   A        B        C        D        E       F      G
               +--------+--------+--------+--------+--------+-----+--------+
         Total |   8962 |   8483 |    479 |    212 |   6472 |  13 |  689.4 |
       Dungeon |   8105 |   7663 |    442 |    149 |   5897 |  10 |  810.5 |
        Temple |    395 |    358 |     37 |      0 |    355 |   1 |  395.0 |
  Orcish Mines |    170 |    170 |      0 |     63 |     71 |   1 |  170.0 |
       Ossuary |    291 |    291 |      0 |      0 |    149 |   1 |  291.0 |
               +--------+--------+--------+--------+--------+-----+--------+

Top non-repeatable levels by time:
     D:5: 1041 daAuts
     D:3: 982 daAuts
     D:8: 958 daAuts
     D:1: 950 daAuts
     D:4: 844 daAuts
     D:9: 812 daAuts
     D:6: 738 daAuts
     D:2: 623 daAuts
    D:10: 619 daAuts
     D:7: 533 daAuts
  Temple: 395 daAuts
 Ossuary: 291 daAuts
   Orc:1: 170 daAuts
